 Dungeon Crawl Stone Soup version 0.31.0-9-g3a7656b989 (webtiles) character file.

Game seed: 5874021665001043688

123 Killerpretzel the Ducker (level 4, -1/23 HPs)
             Began as a Felid Shapeshifter on Feb 5, 2024.
             Slain by a goblin
             ... wielding a +0 club
              (5 damage)
             ... on level 4 of the Dungeon.
             The game lasted 00:08:11 (2564 turns).

Killerpretzel the Ducker (Felid Shapeshifter)       Turns: 2564, Time: 00:08:11

Health: -1/23      AC:  1    Str: 10    XL:     4   Next: 79%
Magic:  5/5        EV: 18    Int: 14    God:
Gold:   179        SH:  0    Dex: 17    Spells: 3/3 levels left
                                        Lives:  0   Deaths: 2

rFire   . .          .
                       - Unarmed
rCold   . . .        (shield unavailable)
rNeg    . . .        (body armour unavailable)
rPois   .            (helmet unavailable)
rElec   .            (cloak unavailable)
rCorr   .            (gloves unavailable)
SInv    +            (boots unavailable)
Will    .....        j - amulet of magic regeneration
Stlth   ++           f - ring of wizardry
HPRegen 0.23/turn    (no ring)
MPRegen 0.49/turn

%: wizardry (x1)
@: beast-form
A: beast (slay +2), very small, claws 1, fangs 3, see invisible, shaggy fur 1,
stealthy paws, no weapons or thrown items, no armour, multi-lived
a: Begin Untransformation


You were on level 4 of the Dungeon.
You were a hulking beast.
You visited 1 branch of the dungeon, and saw 4 of its levels.

You collected 179 gold pieces.

Inventory:

Jewellery
 f - a ring of wizardry (left paw)
 j - an amulet of magic regeneration (around neck)
Talismans
 b - a beast talisman
 c - a flux talisman
 l - a blade talisman
Scrolls
 m - a scroll of fear {unknown}
 n - 2 scrolls of identify {unknown}
Potions
 a - a potion of lignification
 d - 3 potions of heal wounds {unknown}
 e - 3 potions of curing {unknown}
 g - 2 potions of enlightenment {unknown}
 h - a potion of might {unknown}
 i - a potion of haste {unknown}
 k - a potion of ambrosia {unknown}
 o - a potion of mutation {unknown}


   Skills:
 + Level 2.1 Fighting
 + Level 3.8 Dodging
 + Level 3.6 Unarmed Combat
 * Level 3.6 Shapeshifting


You had 3 spell levels left.
You didn't know any spells.
Your spell library contained the following spells:

 Spells                   Type           Power      Damage    Failure   Level
 Sting                    Conj/Alch      0%         1d3       12%         1
 Mercury Vapours          Alch/Air       0%         N/A       17%         2
 Hailstorm                Conj/Ice       0%         3d5       32%         3
 Summon Ice Beast         Ice/Summ       0%         N/A       32%         3
 Olgreb's Toxic Radiance  Alch           0%         N/A       71%         4
 Sculpt Simulacrum        Ice/Alch       0%         N/A       100%        6


Dungeon Overview and Level Annotations

Branches:
Dungeon (4/15)
 Temple: D:4-7

Altars:


Innate Abilities, Weirdness & Mutations

You are a hulking beast.
Your limbs bulge with bestial killing power. (Slay +2)
You have sharp claws.
You have razor-sharp teeth.
You have supernaturally acute eyesight. (SInv)
You are covered in fur. (AC +1)
Your paws help you pounce on unaware monsters.
You are incapable of wielding weapons or throwing items.
You cannot wear armour.
You gain extra lives every three experience levels.


Message History

There are monsters nearby!
You are too injured to fight recklessly!
There are monsters nearby!
You are too injured to fight recklessly!
There are monsters nearby!
You are too injured to fight recklessly!
There are monsters nearby!
You are too injured to fight recklessly!
There are monsters nearby!
You are too injured to fight recklessly!
There are monsters nearby!
You are too injured to fight recklessly!
There are monsters nearby!
You are too injured to fight recklessly!
There are monsters nearby!
You are too injured to fight recklessly!
There are monsters nearby!
You are too injured to fight recklessly!
There are monsters nearby!
You are too injured to fight recklessly!
There are monsters nearby!
You are too injured to fight recklessly!
There are monsters nearby!
You are too injured to fight recklessly!
There are monsters nearby!
You are too injured to fight recklessly!
There are monsters nearby!
You are too injured to fight recklessly!
There are monsters nearby!
You are too injured to fight recklessly!
There are monsters nearby!
You are too injured to fight recklessly!
There are monsters nearby!
You scratch the orc. Your bite misses the orc.
The orc is lightly wounded.
The orc barely misses you.
The orc hits you with a +2 falchion of protection!
* * * LOW HITPOINT WARNING * * *
The goblin hits you with a +0 club.
You die...

######## ########
.......... #...^..##
#......$.# #........
##........###oo......
..........#..h.o.....
...... ...#..og....## ..
......###.#.!......#
.......................g
... #####.......#.......
...######.......#.......
.........##....##.####..
...........>....... ..
###....#.##..####.#


You could see an orc priest, an orc wizard (invisible), 2 orcs and 2 goblins.

Vanquished Creatures
  A bombardier beetle (D:3)
  An adder (D:4)
  2 ribbon worms (D:2)
  A dart slug (D:3)
  5 orcs
  4 endoplasms (D:1)
  5 giant cockroaches
  7 goblins
  6 hobgoblins
  4 quokkas
  5 ball pythons
  7 bats
  3 frilled lizards
  9 kobolds
  2 rats
62 creatures vanquished.

Notes
Turn   | Place    | Note
-------+----------+-------------------------------------------
     0 | D:1      | Killerpretzel the Felid Shapeshifter began the quest for
                  | the Orb.
     0 | D:1      | Reached XP level 1. HP: 10/10 MP: 2/2
   210 | D:1      | Reached XP level 2. HP: 14/14 MP: 3/3
   623 | D:1      | Reached XP level 3. HP: 18/18 MP: 4/4
   743 | D:1      | Found a faded altar of an unknown god.
  1894 | D:3      | Succumbed to an orc's poison
  1894 | D:3      | Lost a life (0 lives remaining)
  1954 | D:3      | Reached XP level 4. HP: 17/23 MP: 5/5
  1954 | D:3      | Gained a life (1 life remaining)
  2526 | D:4      | Noticed a black bear
  2529 | D:4      | HP: 1/23 [acid (4)]
  2530 | D:4      | Splashed by a jelly's acid
  2530 | D:4      | Lost a life (0 lives remaining)
  2564 | D:4      | Slain by a goblin

Illustrated notes

Levels and vault maps discovered:
D:1:      minmay_arrival_checkered_box, layout_basic,
          dreamdust_ecumenical_altar_angels_and_demons, serial_glass,
          glass_columns_b, glass_columns_a, glass_columns_b, glass_columns_a,
          grunt_decor_arrowhead, hangedman_decor_riveting,
          hangedman_decor_growths, eino_curves_01
D:2:      layout_rooms
D:3:      layout_loops_cross, minmay_misc_feat_chi
D:4:      layout_basic, amethyst_overflow_temple_binary,
          minmay_misc_feat_secret_circle, uniq_sigmund, uniq_robin,
          uniq_crazy_yiuf_cottage

Skill      XL: |  1  2  3  4 |
---------------+-------------+-----
Dodging        | 3 |  3.8
Shapeshifting  | 3 |  3.6
Fighting       | 2 |  2.1
Unarmed Combat | |  3.6

Action                     |  1- 3 |  4- 6 || total
---------------------------+-------+-------++-------
  Melee: Unarmed           |   102 |    33 ||   135
         Bite              |     5 |     3 ||     8
         Punch             |     4 |     1 ||     5
    Use: Scroll            |     2 |       ||     2
   Stab: Sleeping          |     1 |     1 ||     2
 Armour: Skin              |    28 |    10 ||    38
  Dodge: Dodged            |    77 |    27 ||   104
